 Dungeon Crawl Stone Soup version 0.31-a0-536-ga3e2962e35 (webtiles) character file.

Game seed: 17340049848791548475

14580 Ethylacetat the Mimic (level 12, 0/127 HPs)
             Began as an Octopode Gladiator on Aug 13, 2023.
             Was an Initiate of Gozag.
             Slain by an ogre mage
             ... wielding a +0 club
              (1 damage)
             ... on level 10 of the Dungeon.
             The game lasted 00:26:43 (10192 turns).

Ethylacetat the Mimic (Octopode Gladiator)         Turns: 10192, Time: 00:26:43

Health: 0/127      AC: 30    Str: 13    XL:     12   Next: 18%
Magic:  12/12      EV:  2    Int:  9    God:    Gozag
Gold:   886        SH:  0    Dex: 28    Spells: 11/11 levels left

rFire   . . .        u - +4 dagger
rCold   + . .        (no shield)
rNeg    . . .        b - melded +0 hat
rPois   +            (no amulet)
rElec   .            j - ring of protection from cold
rCorr   .            l - +5 ring of evasion
SInv    .            n - +4 ring of protection
Will    +....        y - +6 ring of dexterity
Stlth   +++++        m - ring of flight
HPRegen 0.41/turn    (no ring)
MPRegen 0.13/turn    (no ring)
                     (no ring)

%: no passive effects
@: brilliant, tree-form, enlightened
A: stationary, stasis, torment immunity, boosted hp, almost no armour,
(amphibious), 8 rings, (camouflage 1), (gelatinous body 1), (nimble swimmer 1),
(tentacles), (tentacle spike 1), agile 1
a: Renounce Religion, Potion Petition, Call Merchant, Bribe Branch


You were on level 10 of the Dungeon.
You worshipped Gozag.
Gozag was pleased with you.
You were a tree.
You visited 2 branches of the dungeon, and saw 11 of its levels.

You collected 1056 gold pieces.
You paid 170 gold pieces to Gozag.

Inventory:

Hand Weapons
 u - a +4 dagger (weapon)
Missiles
 c - 3 throwing nets
 d - 3 javelins (quivered)
Armour
 b - a +0 hat (melded)
Jewellery
 j - a ring of protection from cold (left branch)
 l - a +5 ring of evasion (right branch)
 m - a ring of flight (on tentacle)
 n - a +4 ring of protection (on tentacle)
 y - a +6 ring of dexterity (on tentacle)
Talismans
 t - a flux talisman
Wands
 w - a wand of flame (69)
 A - a wand of polymorph (21)
Scrolls
 g - a scroll of revelation
 k - 10 scrolls of identify
 p - a scroll of poison {unknown}
 q - a scroll of enchant weapon
 v - a scroll of silence {unknown}
 x - a scroll of noise {unknown}
 B - a scroll of enchant armour {unknown}
 C - a scroll of immolation {unknown}
 D - a scroll of torment {unknown}
Potions
 a - a potion of enlightenment
 e - 3 potions of curing
 h - a potion of invisibility {unknown}
 i - a potion of mutation
 o - a potion of cancellation
 r - a potion of magic
 z - a potion of attraction {unknown}


   Skills:
 + Level 9.1 Fighting
 - Level 3.9 Long Blades
 - Level 2.0 Throwing
 + Level 9.4 Dodging
 - Level 8.0 Stealth
 + Level 6.6 Unarmed Combat
 * Level 10.0 Shapeshifting


You had 11 spell levels left.
You didn't know any spells.
Your spell library contained the following spells:

 Spells                   Type           Power      Damage    Failure   Level
 Shock                    Conj/Air       0%         1d3       38%         1
 Swiftness                Air            0%         N/A       77%         3
 Airstrike                Air            0%         2d(0-16)  99%         4


Dungeon Overview and Level Annotations

Branches:
Dungeon (10/15)            Temple (1/1) D:5            Lair (0/5) D:8
    Orc: D:9-12

Altars:
Ashenzari
Cheibriados
Dithmenos
Elyvilon
Fedhas
Gozag
Hepliaklqana
Kikubaaqudgha
Makhleb
Nemelex Xobeh
Okawaru
Qazlal
Ru
Sif Muna
Trog
Uskayaw
Vehumet
Wu Jian
Xom
Yredelemnul
Zin
The Shining One

Shops:
D:2 :[:(   D:5 [   D:6 ?   D:8 !

Portals:
Abyss: D:10

Annotations:
D:10 1 transporter


Innate Abilities, Weirdness & Mutations

You are a tree.
Your roots penetrate the ground, keeping you stationary.
You cannot be teleported.
You are immune to unholy pain and torment.
Your maximum health is greatly increased.
You cannot wear most types of armour.
((You are amphibious.))
You can wear up to eight rings at the same time.
((Your skin changes colour to match your surroundings (Stealth+).))
((Your rubbery body absorbs attacks. (AC +1, EV +1)))
((You are camouflaged when in or above water. (Stealth+)))
((You have tentacles for arms and can constrict up to eight enemies at once.))
((One of your tentacles bears a spike.))
You are agile. (Dex +4, Str/Int -1)


Message History

You feel better. The ogre mage casts a spell at you.
You resist with significant effort. Something hits you!
* * * LOW HITPOINT WARNING * * *
Okay, then.
Okay, then.
It was a potion of magic.
Magic courses through your body. The ogre mage closely misses you.
It was a potion of lignification.
Your transformation has ended.
Your +4 dagger unmelds from your body.
You turn into a tree.
Your +0 hat melds into your body.
Your roots penetrate the ground.
The ogre mage hits you with a staff of cold.
* * * LOW HITPOINT WARNING * * *
The ogre mage freezes you.
* * * LOW HITPOINT WARNING * * *
Something hits you but does no damage.
Okay, then.
Hit: u) +4 dagger
Press: ? - help, Dir - move target, f - ogre mage
Aim: an ogre mage, wielding a staff of cold and wearing a +0 robe (lightly wounded, fast, contaminated, about 18% to evade your +4 dagger)
Okay, then.
Okay, then.
It was a potion of enlightenment.
Your roots keep you in place.
The ogre mage hits you but does no damage.
The ogre mage freezes you!
* * * LOW HITPOINT WARNING * * *
Something hits you but does no damage.
It was a potion of brilliance.
You feel clever all of a sudden.
The ogre mage hits you with a staff of cold.
* * * LOW HITPOINT WARNING * * *
The ogre mage freezes you.
* * * LOW HITPOINT WARNING * * *
You feel better.
The ogre mage hits you with a staff of cold!
* * * LOW HITPOINT WARNING * * *
Something hits you.
You die...
Your body crumbles into a pile of gold.

###....####....# #.........#.#..#
*##########....####'########.....
,..............#.#...###,,,#.#..#
*#............##.'..##..,,,#.####
,#..###..#....#..#.##...,,,#.....
,,,,,,#..######..###.###*'*#.####
**,,*,#...#####..##..###*,*#.#
**,,*,#...####...##..##:*,*#.#
**,,*,#.....##..♣#...##|*,*#.#
,,,,*,#..#..##..{O...##:,,*#.#
**,,*,#..#...#...#...###***#.#
**,,,.#..##..###############.**
,,...........................,*
**..#........................,*
*#...................).#####.,*
##...........................,*
#.........###..###.....#####.,*


You could see an ogre mage (fast, contam).

Vanquished Creatures
  2 centaur warriors (D:10)
  2 two-headed ogres
  A wizard (D:7)
  A deep elf pyromancer (D:7)
  2 cyclopes
  A manticore (D:7)
  A guardian serpent (shapeshifter) (D:7)
  Maurice (D:8)
  A gargoyle (D:7)
  A freezing wraith (D:10)
  2 efreet (D:10)
  A hornet (D:6)
  Prince Ribbit (D:7)
  2 trolls
  A centaur simulacrum (D:10)
  2 wraiths
  6 yaks (D:8)
  A vampire (D:9)
  4 wyverns
  3 steam dragons
  A vampire mosquito (D:7)
  A water moccasin (D:8)
  2 black bears
  2 orc warriors (D:7)
  3 sky beasts
  7 ice beasts
  4 centaurs
  2 ogres
  2 phantoms (D:4)
  2 bullfrogs (D:8)
  8 kobold brigands
  2 gnoll sergeants (D:8)
  4 scorpions
  4 wights
  10 killer bees
  10 howler monkeys
  5 hounds
  3 jellies
  2 gnoll boudas (D:6)
  6 orc priests
  Ijyb (D:5)
  Natasha (D:4)
  2 iguanas (D:4)
  6 orc wizards
  18 gnolls
  8 adders
  2 white imps
  2 ufetubi
  3 worms
  4 dart slugs
  33 orcs
  6 endoplasms
  4 giant cockroaches
  30 goblins
  27 hobgoblins
  28 kobolds
  3 quokkas
  7 ball pythons
  6 bats
  3 frilled lizards
  5 rats
315 creatures vanquished.

Notes
Turn   | Place    | Note
-------+----------+-------------------------------------------
     0 | D:1      | Ethylacetat the Octopode Gladiator began the quest for the
                  | Orb.
     0 | D:1      | Reached XP level 1. HP: 14/14 MP: 1/1
   179 | D:1      | Reached skill level 1 in Stealth
   179 | D:1      | Reached XP level 2. HP: 16/19 MP: 2/2
   506 | D:1      | Reached XP level 3. HP: 19/25 MP: 3/3
   950 | D:2      | Found Sayxkiy's Antique Armour Shoppe.
   965 | D:2      | Found Efassaomn's Book Emporium.
  1185 | D:2      | Found Bitrepn's Book Shoppe.
  1202 | D:2      | Found Tochu's Weapon Boutique.
  1321 | D:2      | Reached XP level 4. HP: 27/30 MP: 4/4
  2038 | D:3      | Reached XP level 5. HP: 36/36 MP: 5/5
  2107 | D:3      | Found a shimmering altar of Xom.
  2175 | D:3      | Found a broken altar of Ashenzari.
  2185 | D:3      | Found a basalt altar of Yredelemnul.
  2530 | D:4      | Noticed a phantom
  2538 | D:4      | Killed a phantom
  2539 | D:4      | Reached skill level 1 in Shapeshifting
  2539 | D:4      | Reached XP level 6. HP: 41/42 MP: 6/6
  2772 | D:4      | Noticed Natasha
  2778 | D:4      | Killed Natasha
  3059 | D:4      | Reached skill level 2 in Shapeshifting
  3167 | D:4      | Reached XP level 7. HP: 47/47 MP: 7/7
  3675 | D:5      | Entered Level 5 of the Dungeon
  3687 | D:5      | Found a staircase to the Ecumenical Temple.
  3693 | D:5      | Noticed Ijyb
  3704 | D:5      | Killed Ijyb
  3716 | Temple   | Entered the Ecumenical Temple
  3734 | Temple   | Reached skill level 5 in Stealth
  3734 | Temple   | Reached skill level 3 in Shapeshifting
  3944 | D:5      | Found Disaat's Armour Emporium.
  4003 | D:5      | Reached skill level 5 in Dodging
  4008 | D:5      | Reached XP level 8. HP: 54/54 MP: 8/8
  4439 | D:6      | Found Idghoyc's Magic Scroll Boutique.
  4475 | D:6      | Reached skill level 4 in Shapeshifting
  4519 | D:6      | Reached skill level 5 in Fighting
  4706 | D:6      | Noticed a hornet
  4706 | D:6      | Noticed a cyclops
  4709 | D:6      | Killed a hornet
  4710 | D:6      | Reached skill level 5 in Shapeshifting
  4710 | D:6      | Reached XP level 9. HP: 61/61 MP: 9/9
  4712 | D:6      | Killed a cyclops
  4887 | D:6      | Found a bloodstained altar of Trog.
  5219 | D:7      | Reached skill level 6 in Shapeshifting
  5301 | D:7      | Reached skill level 1 in Unarmed Combat
  5388 | D:7      | Noticed a troll
  5388 | D:7      | Noticed a manticore
  5388 | D:7      | Noticed a deep elf pyromancer
  5394 | D:7      | Noticed a gargoyle
  5398 | D:7      | Gained mutation: One of your tentacles bears a spike.
                  | [potion of mutation]
  5398 | D:7      | Gained mutation: You are agile. (Dex +4, Str/Int -1)
                  | [potion of mutation]
  5403 | D:7      | Killed a troll
  5404 | D:7      | Reached XP level 10. HP: 50/69 MP: 10/10
  5411 | D:7      | Killed a manticore
  5415 | D:7      | Reached skill level 7 in Shapeshifting
  5418 | D:7      | Killed a gargoyle
  5719 | D:7      | Found a glowing silver altar of Zin.
  6291 | D:7      | Noticed Prince Ribbit
  6296 | D:7      | Killed Prince Ribbit
  6306 | D:7      | Noticed a guardian serpent
  6316 | D:7      | Killed a guardian serpent
  6332 | D:7      | Reached skill level 8 in Shapeshifting
  6415 | D:7      | Noticed a wizard
  6529 | D:7      | Killed a wizard
  6530 | D:7      | Reached XP level 11. HP: 76/76 MP: 11/11
  6787 | D:7      | Identified the +0 quarterstaff "Zascharyni" {drain, rPois
                  | rN++ Str-2 Int+2}
  6845 | D:7      | Killed a deep elf pyromancer
  6992 | D:8      | Noticed a two-headed ogre
  7003 | D:8      | Killed a two-headed ogre
  7194 | D:8      | Found Pesoynan's Distillery.
  7282 | D:8      | Noticed Maurice
  7315 | D:8      | Reached skill level 5 in Unarmed Combat
  7327 | D:8      | Killed Maurice
  7614 | D:8      | Reached skill level 9 in Shapeshifting
  7699 | D:8      | Found a sacrificial altar of Ru.
  7766 | D:8      | Found a stormy altar of Qazlal.
  7768 | D:8      | Found an ancient bone altar of Kikubaaqudgha.
  7770 | D:8      | Found a shimmering blue altar of Sif Muna.
  7871 | D:8      | Found a hide-covered altar of Uskayaw.
  7874 | D:8      | Found a burning altar of Makhleb.
  7876 | D:8      | Found a shadowy altar of Dithmenos.
  7880 | D:8      | Found an opulent altar of Gozag.
  7881 | D:8      | Found a sparkling altar of Nemelex Xobeh.
  7884 | D:8      | Became a worshipper of Gozag Ym Sagoz the Greedy
  7990 | D:8      | Found a staircase to the Lair.
  8829 | D:9      | Noticed a two-headed ogre
  8838 | D:9      | Killed a two-headed ogre
  9387 | D:10     | Entered Level 10 of the Dungeon
  9416 | D:10     | Found a transporter.
  9428 | D:10     | Noticed a harpy
  9430 | D:10     | a harpy changed into a tarantella
  9463 | D:10     | Found a one-way gate to the infinite horrors of the Abyss.
  9465 | D:10     | Noticed a wizard
  9543 | D:10     | Noticed a skeletal warrior
  9681 | D:10     | Noticed a centaur warrior
  9686 | D:10     | Killed a centaur warrior
  9695 | D:10     | Noticed a centaur warrior
  9707 | D:10     | Killed a centaur warrior
  9708 | D:10     | Reached XP level 12. HP: 37/84 MP: 12/12
  9989 | D:10     | Reached skill level 10 in Shapeshifting
 10174 | D:10     | Noticed an ogre mage
 10174 | D:10     | Noticed an ogre mage
 10177 | D:10     | Paralysed by an ogre mage for 4 turns
 10191 | D:10     | HP: 3/127 [ogre mage/staff of cold (5)]
 10192 | D:10     | HP: 1/127 [ogre mage/staff of cold (9)]
 10192 | D:10     | Slain by an ogre mage

Illustrated notes

Levels and vault maps discovered:
D:1:      lightli_arrival_statue_moat, layout_loops_ring, minmay_pentomino_u4
D:2:      layout_basic, serial_shops, shop, shop, nicolae_shop_trees,
          nicolae_shop_hallway_plus
D:3:      layout_rooms, lemuel_doored_altar, amethyst_overflow_temple_binary
D:4:      minmay_goblin_kobold_castle, layout_loops_ring, uniq_natasha
D:5:      layout_basic, minmay_temple_entry_slanted, serial_shops,
          nicolae_shop_trees, uniq_ijyb
D:6:      layout_loops_ring, marbit_many_paths, minmay_shop_grid_forest,
          kb_lookout_dungeons_type, minivault_23, minmay_small_thing
D:7:      nzn_winding_woodlands_stair_cross [nzn_winding_woodlands_5x15_zeroes,
          nzn_winding_woodlands_center_garden,
          nzn_winding_woodlands_5x15_jagged, nzn_winding_woodlands_5x5_cross,
          nzn_winding_woodlands_5x5_default, nzn_winding_woodlands_5x15_garden,
          nzn_winding_woodlands_center_lodge,
          nzn_winding_woodlands_5x15_longhouse], layout_loops_ring,
          kennysheep_mini, uniq_prince_ribbit1
D:8:      layout_cave_pods, amcnicky_altar_gilded,
          nicolae_overflow_hallway_of_the_gods, lair_entry_dummy, serial_shops,
          nicolae_shop_hallway_plus, minmay_between, uniq_maurice
D:9:      layout_roguey, kennysheep_generic_room_11
D:10:     minmay_sliced_demisemicircle, layout_basic,
          gammafunk_ghost_abyssal_escape, blue_anna_alchemist
Temple:   hellmonk_temple_beads

Skill      XL: |  1  2  3  4  5  6  7  8  9 10 11 12 |
---------------+-------------------------------------+-----
Stealth        | 1 2 3 4 5 7 8 |  8.0
Fighting       | 3 4 5 6 7 8 9 |  9.1
Dodging        | 4 5 7 8 9 |  9.4
Shapeshifting  | 1 2 3 5 6 8 9 10 | 10.0
Unarmed Combat | 2 4 6 |  6.6
Long Blades    | |  3.9
Throwing       | |  2.0

Action                     |  1- 3 |  4- 6 |  7- 9 | 10-12 || total
---------------------------+-------+-------+-------+-------++-------
  Melee: Long sword        |    61 |    55 |       |       ||   116
         Constrict         |    14 |    32 |    39 |    89 ||   174
         Tentacles         |    11 |    26 |    63 |   153 ||   253
         Punch             |     2 |     1 |     2 |       ||     5
         Dagger            |       |    73 |   156 |       ||   229
         Unarmed           |       |       |    51 |   458 ||   509
         Kick              |       |       |     2 |   240 ||   242
  Throw: Javelin           |       |       |     1 |       ||     1
    Use: Potion            |       |       |     4 |    13 ||    17
         Scroll            |       |       |       |     5 ||     5
   Stab: Sleeping          |    15 |     6 |    25 |     4 ||    50
         Distracted        |       |       |       |     1 ||     1
 Armour: Skin              |     5 |    16 |    36 |    42 ||    99
  Dodge: Dodged            |    22 |   114 |   229 |   431 ||   796
   Form: Flux              |       |       |     1 |       ||     1

Table legend: (Time is in decaauts)
 A = Elapsed time spent in this place.
 B = Non-inter-level travel time spent in this place.
 C = Inter-level travel time spent in this place.
 D = Time resting spent in this place.
 E = Time spent auto-exploring this place.
 F = Levels seen in this place.
 G = Mean time per level.
                   A        B        C        D        E       F      G
               +--------+--------+--------+--------+--------+-----+--------+
         Total |  10165 |   9808 |    357 |   1059 |   6862 |  11 |  924.1 |
       Dungeon |  10082 |   9725 |    357 |    993 |   6862 |  10 | 1008.2 |
        Temple |     82 |     82 |      0 |     66 |      0 |   1 |   82.0 |
               +--------+--------+--------+--------+--------+-----+--------+

Top non-repeatable levels by time:
     D:7: 1749 daAuts
     D:8: 1518 daAuts
     D:4: 1405 daAuts
     D:2: 986 daAuts
     D:9: 912 daAuts
     D:6: 850 daAuts
    D:10: 794 daAuts
     D:1: 751 daAuts
     D:5: 574 daAuts
     D:3: 539 daAuts
  Temple: 82 daAuts
